 Dungeon Sprint DCSS version 0.27.1-3-gb3d3a73c9e (webtiles) character file.

Game seed: 4044349398237268751

1295 raph the Grappler (level 8, -1/133 HPs)
             Began as a Troll Berserker on Oct 9, 2021.
             Was an Elder of Trog.
             Slain by a demonic crawler (7 damage)
             ... in the Dungeon (Sprint I: "Red Sonja").
             The game lasted 00:01:11 (393 turns).

raph the Grappler (Troll Berserker)                  Turns: 393, Time: 00:01:12

Health: -1/133     AC:  5    Str: 26    XL:     8   Next: 30%
Magic:  7/7        EV: 12    Int:  3    God:    Trog [****..]
Gold:   216        SH:  0    Dex: 11    Spells: 7/7 levels left

rFire    . . .     SeeInvis .     - Unarmed
rCold    . . .     Faith    .   (no shield)
rNeg     . . .     Spirit   .   j - +1 robe {Will+}
rPois    .         Reflect  .   (helmet restricted)
rElec    .         Harm     .   (no cloak)
rCorr    .         Rampage  .   (gloves unavailable)
Will     +....     NoTele   +   (boots unavailable)
Stlth    ..........             (no amulet)
HPRegen  1.32/turn              (no ring)
MPRegen  0.10/turn              (no ring)

@: berserking, very quick
A: large, unfitting armour, claws 3, regeneration 1, shaggy fur 1, tough skin 1
a: Renounce Religion, Berserk, Trog's Hand, Brothers in Arms


You were in the Dungeon.
You worshipped Trog.
Trog was greatly pleased with you.
You visited 1 branch You collected 216 gold pieces.

Inventory:

Hand Weapons
 i - a +0 giant club
Armour
 a - a +0 animal skin
 j - a +1 robe of willpower (worn)
Wands
 h - a wand of flame (24)
Scrolls
 g - a scroll of blinking
Potions
 b - a potion of curing
 c - a potion of heal wounds
 d - a potion of haste
 e - 2 potions of magic
 f - a potion of berserk rage


   Skills:
 + Level 8.5 Fighting
 + Level 8.5 Dodging
 * Level 12.6 Unarmed Combat


You had 7 spell levels left.
You didn't know any spells.
Your spell library was empty.

Dungeon Overview and Level Annotations

Branches:
Dungeon (1/1)

Altars:
Makhleb
Xom
Jiyva
Lugonu


Innate Abilities, Weirdness & Mutations

You are too large for most types of armour.
You have claws for hands.
Your natural rate of healing is unusually fast.
You are covered in fur. (AC +1)
You have tough skin. (AC +1)


Message History

You are too injured to fight recklessly!
You are too injured to fight recklessly!
You are too injured to fight recklessly!
You are too injured to fight recklessly!
The demonic crawler hits you! x2
* * * LOW HITPOINT WARNING * * *
The demonic crawler hits you.
* * * LOW HITPOINT WARNING * * *
Items here: )) [ †.
There is an open door, spattered with blood here.
You recover from your berserk rage.
The demonic crawler barely misses you. The demonic crawler misses you.
The demonic crawler barely misses you.
There is an open door here.
The demonic crawler hits you but does no damage.
The demonic crawler hits you.
* * * LOW HITPOINT WARNING * * *
The demonic crawler hits you but does no damage.
There is an open door here.
A red film seems to cover your vision as you go berserk!
You feel yourself moving faster!
You feel mighty!
You closely miss the demonic crawler. The demonic crawler hits you!
* * * LOW HITPOINT WARNING * * *
The demonic crawler misses you. The demonic crawler hits you!
* * * LOW HITPOINT WARNING * * *
You barely miss the demonic crawler.
The demonic crawler is lightly wounded.
The demonic crawler hits you!
* * * LOW HITPOINT WARNING * * *
The demonic crawler barely misses you. The demonic crawler hits you.
* * * LOW HITPOINT WARNING * * *
The demonic crawler hits you!
* * * LOW HITPOINT WARNING * * *
The demonic crawler hits you.
* * * LOW HITPOINT WARNING * * *
The demonic crawler barely misses you.
You scratch the demonic crawler.
The demonic crawler is lightly wounded.
The demonic crawler hits you!
You die...

##########################
#<.#..'..#..'.s#__#..')..#
#..)..#..').#.@ss.'..#...##+#
#..#####+#####+#__####...'..#
#..# #### #####..+ #..# ##
#..# #⌠⌠# ####


You could see 3 demonic crawlers.

Vanquished Creatures
  2 kobold demonologists (D)
  A demonic crawler (D)
  A slime creature (D)
  Sigmund (D)
  A floating eye (D)
  An ogre (D)
  Ijyb (D)
8 creatures vanquished.

Notes
Turn   | Place    | Note
-------+----------+-------------------------------------------
     0 | D        | raph the Troll Berserker began the quest for the Orb.
     0 | D        | Reached XP level 1. HP: 22/22 MP: 0/0
     1 | D        | Noticed Ijyb
     6 | D        | Killed Ijyb
     7 | D        | Reached skill level 4 in Unarmed Combat
     7 | D        | Reached XP level 2. HP: 31/31 MP: 1/1
    66 | D        | Noticed an ogre
    69 | D        | Killed an ogre
    70 | D        | Reached skill level 5 in Fighting
    70 | D        | Reached skill level 5 in Dodging
    70 | D        | Reached skill level 6 in Unarmed Combat
    70 | D        | Reached XP level 3. HP: 42/42 MP: 2/2
    70 | D        | Reached XP level 4. HP: 50/50 MP: 3/3
   105 | D        | Noticed Sigmund
   110 | D        | Killed Sigmund
   110 | D        | Reached ** piety under Trog
   111 | D        | Reached skill level 8 in Unarmed Combat
   111 | D        | Reached XP level 5. HP: 59/59 MP: 4/4
   111 | D        | Reached XP level 6. HP: 67/67 MP: 5/5
   165 | D        | Found a burning altar of Makhleb.
   165 | D        | Found a viscous altar of Jiyva.
   165 | D        | Found a shimmering altar of Xom.
   165 | D        | Found a corrupted altar of Lugonu.
   165 | D        | Noticed a slime creature
   172 | D        | Killed a slime creature
   173 | D        | Reached skill level 10 in Unarmed Combat
   327 | D        | Noticed a kobold demonologist
   327 | D        | Noticed a floating eye
   329 | D        | Noticed a kobold demonologist
   331 | D        | Killed a floating eye
   332 | D        | Reached XP level 7. HP: 78/78 MP: 6/6
   335 | D        | Noticed a smoke demon
   337 | D        | Killed a kobold demonologist
   337 | D        | Reached *** piety under Trog
   338 | D        | Reached skill level 11 in Unarmed Combat
   340 | D        | Killed a kobold demonologist
   341 | D        | Reached skill level 12 in Unarmed Combat
   341 | D        | Reached XP level 8. HP: 88/88 MP: 7/7
   373 | D        | Noticed a demonic crawler
   373 | D        | Noticed a demonic crawler
   373 | D        | Noticed a demonic crawler
   373 | D        | Noticed a demonic crawler
   378 | D        | Killed a demonic crawler
   378 | D        | Reached **** piety under Trog
   392 | D        | HP: 6/133 [demonic crawler (4)]
   393 | D        | Slain by a demonic crawler

Illustrated notes

Levels and vault maps discovered:
D:        dungeon_sprint_1 [red_sonja_temple_1, red_sonja_temple_small_1]

Skill      XL: |  1  2  3  4  5  6  7 |
---------------+----------------------+-----
Fighting       | 3 5 6 7 8 |  8.5
Dodging        | 3 5 6 7 8 |  8.5
Unarmed Combat | 4 6 8 10 12 | 12.6

Action                   |  1- 3 |  4- 6 |  7- 9 || total
-------------------------+-------+-------+-------++-------
Melee: Unarmed           |     6 |    10 |    18 ||    34
       Punch             |     1 |     1 |       ||     2
Invok: Berserk           |     2 |     3 |     1 ||     6
       Trog's Hand       |       |     1 |       ||     1
Armor: Animal skin       |       |       |     2 ||     2
       Robe              |       |       |     8 ||     8
Dodge: Dodged            |       |     1 |    15 ||    16
